 Dungeon Crawl Stone Soup version 0.19.4-8-ga85b6b9 (webtiles) character file.

15378 protoss039 the Cleaver (level 12, 0/106 HPs)
             Began as a Minotaur Fighter on Feb 7, 2017.
             Was a High Priest of Okawaru.
             Slain by a nine-headed hydra (10 damage)
             ... on level 11 of the Dungeon.
             The game lasted 00:41:10 (11461 turns).

protoss039 the Cleaver (Minotaur Fighter)          Turns: 11461, Time: 00:41:11

Health: 0/106      AC: 20    Str: 27      XL:     12   Next: 0%
Magic:  15/15      EV:  7    Int:  5      God:    Okawaru [*****.]
Gold:   624        SH:  0    Dex: 14 (15) Spells: 0 memorised, 11 levels left

rFire  + . .     SeeInvis .     z - +4 battleaxe "Bogufi" {chop, rF+}
rCold  . . .     Gourm    .     D - +0 plate armour
rNeg   . . .     Faith    .     (shield currently unavailable)
rPois  .         Spirit   .     g - +2 hat
rElec  .         Reflect  .     B - +1 cloak
rCorr  .         Harm     .     j - +0 pair of gloves
MR     +....                    (no boots)
Stlth  ..........               (no amulet)
                                t - ring of protection from magic
                                e - +4 ring of dexterity

@: hasted, very quick
A: retaliatory headbutt, horns 2, talons 1, agile 1, deterioration 1, MP-powered
wands
a: Heroism, Finesse, Renounce Religion


You were on level 11 of the Dungeon.
You worshipped Okawaru.
Okawaru was extremely pleased with you.
You were very hungry.

You visited 2 branches of the dungeon, and saw 13 of its levels.

You collected 624 gold pieces.

Inventory:

Hand Weapons
 a - a +1 war axe
 z - the +4 battleaxe "Bogufi" (weapon) {chop, rF+}
   (You found it on level 10 of the Dungeon)

   It inflicts extra damage upon your enemies.
   It protects you from fire.
Missiles
 y - 6 tomahawks of returning (quivered)
Armour
 c - a +0 shield
 g - a +2 hat (worn)
 j - a +0 pair of gloves (worn)
 B - a +1 cloak (worn)
 D - a +0 plate armour (worn)
 O - a +2 ring mail of poison resistance
Jewellery
 b - an uncursed ring of protection from cold
 e - a +4 ring of dexterity (left hand)
 m - a +3 ring of protection
 r - an uncursed ring of see invisible
 t - a ring of protection from magic (right hand)
Wands
 u - a wand of acid (5/15)
 C - a wand of iceblast (6/15)
 K - a wand of flame (46/48)
 P - a wand of disintegration (10/24)
Scrolls
 h - 4 scrolls of blinking
 p - 2 scrolls of fear
 w - 2 scrolls of remove curse
 x - 5 scrolls of identify
 G - 5 scrolls of teleportation
 I - 3 scrolls of enchant armour
 Q - a scroll of noise {unknown}
Potions
 d - 2 potions of might
 k - 2 potions of flight
 n - 3 potions of brilliance
 o - 2 potions of heal wounds
 q - 2 potions of cancellation
 A - a potion of berserk rage
 E - a potion of ambrosia
 J - a potion of curing
 L - 3 potions of lignification
 M - 2 potions of cure mutation
 N - a potion of degeneration {unknown}
Comestibles
 f - 9 bread rations
 l - 3 beef jerkies
 v - 6 slices of pizza
 F - 3 meat rations
 H - 15 fruits


   Skills:
 + Level 10.1 Fighting
 + Level 14.8 Axes
 + Level 0.4 Throwing
 + Level 10.5 Armour
 + Level 9.2 Shields
 * Level 6.1 Invocations
 + Level 1.0 Evocations


You had 11 spell levels left.
You didn't know any spells.

Dungeon Overview and Level Annotations

Branches:
Dungeon (12/15)            Temple (1/1) D:5            Lair (0/6) D:9
    Orc (0/2) D:9

Altars:
Ashenzari
Cheibriados
Dithmenos
Elyvilon
Fedhas
Gozag
Hepliaklqana
Kikubaaqudgha
Makhleb
Nemelex Xobeh
Okawaru
Qazlal
Ru
Sif Muna
Trog
Uskayaw
Vehumet
Xom
Yredelemnul
Zin
The Shining One

Shops:
D:6 :   D:9 [

Annotations:
D:4 exclusion: oklob plant
D:12 Azrael


Innate Abilities, Weirdness & Mutations

You reflexively headbutt those who attack you in melee.
You have a pair of horns on your head.
You have sharp toenails.
You are agile. (Dex +2)
Your body sometimes deteriorates upon taking damage.
You expend magic power (3 MP) to strengthen your wands.


Message History

Your plate armour prevents you from hitting the nine-headed hydra.
Your kick misses the nine-headed hydra.
The nine-headed hydra is severely wounded.
The nine-headed hydra bites you!
The nine-headed hydra bites you but does no damage. x2
The nine-headed hydra bites you!
* * * LOW HITPOINT WARNING * * *
The nine-headed hydra bites you.
* * * LOW HITPOINT WARNING * * *
The nine-headed hydra completely misses you.
The nine-headed hydra bites you but does no damage. x3
You feel yourself speed up.
The nine-headed hydra bites you but does no damage.
The nine-headed hydra bites you!
* * * LOW HITPOINT WARNING * * *
The nine-headed hydra bites you but does no damage.
The nine-headed hydra bites you.
* * * LOW HITPOINT WARNING * * *
The nine-headed hydra bites you!
You die...

........#..)........# #....
........#...........# #....
........#...........# #....
........######'##############....
........'.....)..................
.....)..######'#####.############
........# #.......#.########
........# #.......#........#
........# #....@..#........#####
........# #....D..#........##...
........# #.......#........##'##
........# #.....).#.............
######### #.......#.............
.# #.......#............. .#
######'##......)...... .########
#....#.##........##'## ........#
#....#..#........##...


You could see a nine-headed hydra.

Vanquished Creatures
  A hydra (D:12)
  Erolcha (D:9)
  7 hill giants
  A cyclops (D:11)
  Joseph (D:7)
  Grinder (D:3)
  A troll (D:9)
  A two-headed ogre (D:8)
  2 dream sheep (D:9)
  2 hippogriffs (D:11)
  A wraith (D:11)
  5 yaks
  3 fire elementals
  2 hungry ghosts
  3 steam dragons
  Edmund (D:5)
  3 hell hounds (D:12)
  A water moccasin (D:11)
  5 orc warriors
  A black bear (D:8)
  3 ice beasts
  4 sky beasts
  A necrophage (D:6)
  4 phantoms
  4 ogres
  4 centaurs
  5 crocodiles
  6 big kobolds
  10 bullfrogs
  A wyvern zombie (D:11)
  4 scorpions
  3 troll zombies (D:9)
  5 howler monkeys (D:7)
  An electric eel (D:7)
  3 crimson imps
  A bullfrog zombie (D:12)
  2 centaur zombies
  A quasit (D:11)
  A hound (D:9)
  A jelly (D:12)
  A bullfrog skeleton (D:9)
  15 orc wizards
  4 centaur skeletons
  8 orc priests
  Crazy Yiuf (D:4)
  Jessica (D:3)
  5 worker ants
  Terence (D:3)
  2 iguanas (D:11)
  Natasha (thrice) (D:2)
  5 ogre zombies (D:9)
  A hound skeleton (D:4)
  Robin (D:2)
  3 gnolls
  8 adders
  3 river rats (D:9)
  4 shadow imps
  An adder skeleton (D:6)
  3 worms
  A dart slug (D:1)
  3 leopard geckos
  46 orcs
  2 ball pythons
  3 giant cockroaches
  16 goblins
  6 hobgoblins
  10 jackals
  3 quokkas
  10 bats
  3 frilled lizards
  A goblin skeleton (D:9)
  A goblin zombie (D:9)
  3 hobgoblin zombies (D:9)
  19 kobolds
  6 orc skeletons (D:9)
  14 orc zombies (D:9)
  A quokka skeleton (D:5)
  A quokka zombie (D:7)
  16 rats
  A plant (D:9)
343 creatures vanquished.

Vanquished Creatures (others)
  A wyvern (D:12)
1 creature vanquished.

Grand Total: 344 creatures vanquished

Notes
Turn   | Place    | Note
-------+----------+-------------------------------------------
     0 | D:1      | protoss039 the Minotaur Fighter began the quest for the Orb.
     0 | D:1      | Reached XP level 1. HP: 19/19 MP: 0/0
    66 | D:1      | Reached XP level 2. HP: 26/27 MP: 1/1
   610 | D:2      | Reached skill level 3 in Axes
   629 | D:2      | Reached XP level 3. HP: 33/33 MP: 2/2
   738 | D:2      | Noticed Robin
   756 | D:2      | Killed Robin
   796 | D:2      | Noticed Natasha
   804 | D:2      | Reached XP level 4. HP: 33/40 MP: 3/3
   808 | D:2      | Killed Natasha
   808 | D:2      | Reached skill level 4 in Axes
   964 | D:2      | Noticed Natasha
   968 | D:2      | Killed Natasha
   980 | D:2      | Noticed Natasha
   982 | D:2      | Killed Natasha
   982 | D:2      | Reached XP level 5. HP: 35/46 MP: 4/4
  1131 | D:3      | Noticed Jessica
  1141 | D:3      | Killed Jessica
  1141 | D:3      | Reached skill level 5 in Axes
  1217 | D:3      | Noticed Terence
  1226 | D:3      | Killed Terence
  1255 | D:3      | Noticed a centaur
  1267 | D:3      | Killed a centaur
  1267 | D:3      | Reached skill level 5 in Shields
  1267 | D:3      | Reached XP level 6. HP: 45/53 MP: 5/5
  1415 | D:3      | Found a burning altar of Makhleb.
  1463 | D:3      | Noticed Grinder
  1486 | D:3      | Killed Grinder
  1486 | D:3      | Reached skill level 6 in Axes
  1486 | D:3      | Reached skill level 5 in Armour
  1852 | D:3      | Reached XP level 7. HP: 55/60 MP: 6/6
  2379 | D:4      | Found a runed door.
  2748 | D:4      | Found a blossoming altar of Fedhas.
  2761 | D:4      | Noticed an oklob plant
  2928 | D:4      | Noticed Crazy Yiuf
  2931 | D:4      | Killed Crazy Yiuf
  2999 | D:5      | Entered Level 5 of the Dungeon
  3008 | D:4      | Reached skill level 7 in Axes
  3084 | D:5      | Noticed Edmund
  3101 | D:5      | Killed Edmund
  3101 | D:5      | Reached skill level 5 in Fighting
  3198 | D:5      | Reached skill level 8 in Axes
  3198 | D:5      | Reached XP level 8. HP: 53/68 MP: 7/7
  3347 | D:5      | Found a staircase to the Ecumenical Temple.
  3366 | Temple   | Entered the Ecumenical Temple
  3413 | Temple   | Became a worshipper of Warmaster Okawaru
  3797 | D:6      | Reached skill level 9 in Axes
  3951 | D:6      | Reached * piety under Okawaru
  3983 | D:6      | Found an opulent altar of Gozag.
  4222 | D:6      | Found Wogeg's Book Boutique.
  4891 | D:7      | Noticed Joseph
  4907 | D:7      | Killed Joseph
  4907 | D:7      | Reached XP level 9. HP: 33/78 MP: 8/8
  5110 | D:7      | Reached skill level 10 in Axes
  5145 | D:7      | Reached ** piety under Okawaru
  5947 | D:7      | Found an ancient bone altar of Kikubaaqudgha.
  6382 | D:7      | Found a shadowy altar of Dithmenos.
  6384 | D:7      | Found a white marble altar of Elyvilon.
  6384 | D:7      | Found a snail-covered altar of Cheibriados.
  6595 | D:7      | Reached skill level 11 in Axes
  6929 | D:8      | Found a shattered altar of Ashenzari.
  7003 | D:8      | Reached *** piety under Okawaru
  7036 | D:8      | Reached XP level 10. HP: 64/86 MP: 9/9
  7220 | D:8      | Reached skill level 1 in Invocations
  7331 | D:9      | Noticed Erolcha
  7546 | D:9      | Killed Erolcha
  7546 | D:9      | Reached skill level 12 in Axes
  7747 | D:9      | Got a steaming tin ring
  7776 | D:9      | Reached **** piety under Okawaru
  7786 | D:9      | Identified the ring of Peneawyw {Wiz Int+5} (You found it on level 9 of the Dungeon)
  7821 | D:9      | Found a staircase to the Lair.
  7940 | D:9      | Found a staircase to the Orcish Mines.
  7965 | D:9      | Received a gift from Okawaru
  8295 | D:9      | Found Ofror's Armour Emporium.
  8434 | D:9      | Reached skill level 13 in Axes
  8435 | D:9      | Received a gift from Okawaru
  8478 | D:9      | Noticed a two-headed hydra
  8877 | D:10     | Entered Level 10 of the Dungeon
  8957 | D:10     | Got a crude battleaxe
  8969 | D:10     | Identified the +4 battleaxe "Bogufi" {chop, rF+} (You found it on level 10 of the Dungeon)
  8980 | D:10     | Noticed a hill giant
  8987 | D:10     | Killed a hill giant
  8987 | D:10     | Reached XP level 11. HP: 93/95 MP: 13/13
  9184 | D:10     | Found a sacrificial altar of Ru.
  9185 | D:10     | Noticed a hill giant
  9195 | D:10     | Killed a hill giant
  9195 | D:10     | Reached ***** piety under Okawaru
  9204 | D:10     | Identified a scroll of acquirement
  9306 | D:10     | Got a faintly humming leather armour
  9317 | D:10     | Identified the cursed +0 leather armour "Gesejol" {rC+} (You found it on level 10 of the Dungeon)
  9540 | D:10     | Noticed a hill giant
  9545 | D:10     | Killed a hill giant
  9545 | D:10     | Reached skill level 5 in Invocations
 10118 | D:11     | Reached skill level 10 in Armour
 10121 | D:11     | Noticed a hill giant
 10131 | D:11     | Killed a hill giant
 10131 | D:11     | Received a gift from Okawaru
 10132 | D:11     | Reached skill level 14 in Axes
 10344 | D:11     | Gained mutation: You are agile. (Dex +2) [mutagenic meat]
 10345 | D:11     | Gained mutation: You have sharp toenails. [mutagenic meat]
 10346 | D:11     | Gained mutation: Your body sometimes deteriorates upon taking damage. [mutagenic meat]
 10347 | D:11     | Gained mutation: You expend magic power (3 MP) to strengthen your wands. [mutagenic meat]
 10988 | D:12     | Noticed a hill giant
 10988 | D:12     | Noticed a four-headed hydra
 10994 | D:12     | Killed a five-headed hydra
 10998 | D:12     | Killed a hill giant
 11060 | D:12     | Noticed a hill giant
 11065 | D:12     | Killed a hill giant
 11098 | D:12     | Noticed a hill giant
 11122 | D:12     | Killed a hill giant
 11122 | D:12     | Reached skill level 10 in Fighting
 11129 | D:12     | Noticed Azrael
 11159 | D:11     | Reached skill level 1 in Evocations
 11437 | D:11     | Reached XP level 12. HP: 87/106 MP: 15/15
 11447 | D:11     | Noticed a four-headed hydra
 11461 | D:11     | Slain by a nine-headed hydra

Skill      XL: |  1  2  3  4  5  6  7  8  9 10 11 |
---------------+----------------------------------+-----
Axes           | 3 4 5 6 8 9 11 13 14 | 14.8
Armour         | 4 5 6 7 9 10 | 10.5
Shields        | 4 5 7 8 9 |  9.2
Fighting       | 4 5 6 7 8 10 | 10.1
Invocations    | 4 6 |  6.1
Evocations     | 1 |  1.0
Throwing       | |  0.4

Action                   |  1- 3 |  4- 6 |  7- 9 | 10-12 || total
-------------------------+-------+-------+-------+-------++-------
Melee: War axe           |    73 |    79 |   328 |   199 ||   679
       Headbutt          |    11 |    13 |    76 |    89 ||   189
       Battleaxe         |       |       |       |   177 ||   177
       Kick              |       |       |       |    22 ||    22
Throw: Tomahawk          |       |       |       |     2 ||     2
Invok: Heroism           |       |       |       |     3 ||     3
Evoke: Wand              |       |       |       |     4 ||     4
  Use: Scroll            |     4 |     1 |     1 |    21 ||    27
       Potion            |       |     1 |     2 |     8 ||    11
  Eat: Chunk             |       |     3 |    11 |    19 ||    33
       Pizza             |       |       |     1 |       ||     1
       Meat ration       |       |       |     1 |       ||     1
Armor: Scale mail        |     6 |       |       |       ||     6
       Chain mail        |    38 |    26 |    23 |       ||    87
       Plate armour      |       |       |   150 |   269 ||   419
Dodge: Dodged            |    24 |     7 |    61 |   126 ||   218
Block: Shield            |    35 |    38 |   175 |   121 ||   369
